 Dungeon Crawl Stone Soup version 0.25.1-8-g42b30a86e7 (webtiles) character file.

Game seed: 7106114957268309704

112 Abzac the Conjurer (level 4, -2/33 HPs)
             Began as a Draconian Conjurer on Dec 16, 2020.
             Was an Initiate of Sif Muna.
             Killed from afar by an orc wizard (7 damage)
             ... with a magic dart
             ... on level 3 of the Dungeon.
             The game lasted 00:12:07 (3240 turns).

Abzac the Conjurer (Draconian Conjurer)             Turns: 3240, Time: 00:12:08

Health: -2/33      AC:  5    Str: 10    XL:     4   Next: 64%
Magic:  0/8        EV: 12    Int: 17    God:    Sif Muna [......]
Gold:   183        SH:  0    Dex: 17    Spells: 6/9 levels left

rFire    . . .     SeeInvis +   (no weapon)
rCold    . . .     Gourm    .   (no shield)
rNeg     . . .     Faith    .   (armour unavailable)
rPois    .         Spirit   .   (helmet restricted)
rElec    .         Reflect  .   (no cloak)
rCorr    .         Harm     .   (no gloves)
MR       .....                  (no boots)
Stlth    ++........             (no amulet)
HPRegen  0.11/turn              m - ring of see invisible
MPRegen  0.11/turn              f - +6 ring of dexterity

@: no status effects
A: unfitting armour, cold-blooded, AC +5
a: Renounce Religion


You were on level 3 of the Dungeon.
You worshipped Sif Muna.
Sif Muna was noncommittal.
You were not hungry.

You visited 1 branch of the dungeon, and saw 3 of its levels.

You collected 183 gold pieces.

Inventory:

Armour
 d - a +0 pair of gloves
 l - a +1 robe of cold resistance
Jewellery
 f - a +6 ring of dexterity (right hand)
 m - a ring of see invisible (left hand)
Wands
 p - a wand of disintegration (14)
Scrolls
 c - a scroll of enchant armour {unknown}
 e - a scroll of remove curse
 g - 2 scrolls of enchant weapon {unknown}
 h - 2 scrolls of identify {unknown}
 j - a scroll of teleportation {unknown}
 k - a scroll of magic mapping {unknown}
 o - a scroll of immolation {unknown}
Potions
 i - a potion of curing {unknown}
Comestibles
 b - 3 rations
 n - 5 chunks of flesh


   Skills:
 - Level 1.9 Dodging
 - Level 1.7 Stealth
 + Level 3.0 Spellcasting
 * Level 5.4 Conjurations


You had 6 spell levels left.
You knew the following spells:

 Your Spells              Type           Power        Failure   Level  Hunger
a - Magic Dart            Conj           ###.         1%          1    None
b - Searing Ray           Conj           ###...       2%          2    ##.....

Your spell library contained the following spells:

 Spells                   Type           Power        Failure   Level  Hunger
 Dazzling Flash           Conj/Hex       ##....       17%         3    ###....
 Fulminant Prism          Conj/Hex       ##........   50%         4    ####...
 Iskenderun's Mystic Bla  Conj/Tloc      ##......     50%         4    ####...


Dungeon Overview and Level Annotations

Branches:
Dungeon (3/15)

Altars:
Nemelex Xobeh
Qazlal
Sif Muna


Innate Abilities, Weirdness & Mutations

Your plain brown scales are hard. (AC +5)
You cannot fit into any form of body armour.
You are cold-blooded and may be slowed by cold attacks.


Message History

The orc wizard hits you but does no damage.
The orc wizard misses you.
You see here a rat skeleton.
The orc wizard casts a spell at you. The puff of frost hits you!
* * * LOW HITPOINT WARNING * * *
Casting: Magic Dart (safe; 1% risk of failure)
Confirm with . or Enter, or press ? or * to list all spells.
Aiming: Magic Dart (safe; 1% risk of failure)
Press: ? - help, Shift-Dir - straight line, f/p - orc wizard
Aim: an orc wizard, wielding a +0 dagger and wearing a +0 robe (lightly wounded, fast)
The magic dart hits the orc wizard but does no damage.
The orc wizard is lightly wounded.
The orc wizard closely misses you.
The orc wizard hits you but does no damage.
As you read the scroll of fog, it crumbles to dust.
The scroll dissolves into smoke.
The orc wizard points at you and mumbles some strange words.
The magic dart hits you!
You die...

...................##..######..#
...............######.# #.##
...............### #.. #.#
...............).###.# #.#
..............##..#..########.###
#............####.#.###..)......÷
##...........# ##§§..#..#####.###
#####...########§§§....######.###
.##..)### ##..§o@§§#######.......
.......####..#§#####.##....##.###
#.)###.(.....÷######..#######>###
..##..........#........##........
.....####.....#.<...⌠...'.##.####
.##### #.....#...).÷..##....# ##
#.....######..##...### # #######
#.##..### # #.#..##


You could see an orc wizard (fast).

Vanquished Creatures
  5 adders
  3 dart slugs
  A worm (D:2)
  8 orcs (D:3)
  4 giant cockroaches
  6 hobgoblins
  4 kobolds
  A quokka (D:2)
  A ball python (D:2)
  9 bats
  A frilled lizard (D:2)
  4 goblins
  5 rats (D:3)
52 creatures vanquished.

Notes
Turn   | Place    | Note
-------+----------+-------------------------------------------
     0 | D:1      | Abzac the Draconian Conjurer began the quest for the Orb.
     0 | D:1      | Reached XP level 1. HP: 14/14 MP: 3/3
   306 | D:1      | Reached XP level 2. HP: 17/20 MP: 3/5
  1072 | D:2      | Found a shimmering blue altar of Sif Muna.
  1098 | D:2      | Reached XP level 3. HP: 26/26 MP: 1/6
  1133 | D:2      | Became a worshipper of Sif Muna the Loreminder
  1435 | D:2      | Found a stormy altar of Qazlal.
  2043 | D:2      | Reached skill level 5 in Conjurations
  2294 | D:2      | Reached XP level 4. HP: 7/33 MP: 0/8
  2542 | D:2      | Learned a level 2 spell: Searing Ray
  2564 | D:3      | Found a sparkling altar of Nemelex Xobeh.
  3240 | D:3      | Killed from afar by an orc wizard

Illustrated notes

Levels and vault maps discovered:
D:1:      lemuel_arrival_cross, layout_rooms
D:2:      layout_basic, grunt_qazlal_clouds, led_sif_pool
D:3:      layout_rooms, nicolae_gozag_seed_capital,
          nemelex_xobeh_ov_fountains_minmay, elyvilon_altar_3,
          grunt_ministairs_14, kennysheep_decorative_pillar

Skill      XL: |  1  2  3  4 |
---------------+-------------+-----
Conjurations   | 5 |  5.4
Spellcasting   | 3 |  3.0
Dodging        | |  1.9
Stealth        | |  1.7

Action                   |  1- 3 |  4- 6 || total
-------------------------+-------+-------++-------
Melee: Unarmed           |    67 |       ||    67
       Tailslap          |     9 |       ||     9
 Cast: Magic Dart        |    88 |    44 ||   132
       Searing Ray       |       |     8 ||     8
  Use: Scroll            |     2 |     1 ||     3
  Eat: Chunk             |     5 |     4 ||     9
Armor: Skin              |    48 |     2 ||    50
Dodge: Dodged            |    77 |    12 ||    89
